 Dungeon Crawl Stone Soup version 0.17.0-28-g6e173f8 (webtiles) character file.

13735 PossumBlood the Basher (level 11, -7/101 HPs)
             Began as a Minotaur Fighter on Dec 2, 2015.
             Was a High Priest of Okawaru.
             Mangled by an orc warrior
             ... wielding a +0 scimitar
             ... led by an orc warlord
              (8 damage)
             ... on level 4 of the Orcish Mines.
             The game lasted 00:38:42 (12151 turns).

PossumBlood the Basher (Minotaur Fighter)          Turns: 12151, Time: 00:38:42

Health: -7/101     AC: 14    Str: 27    XL:     11   Next: 79%
Magic:  8/10       EV: 18    Int:  9    God:    Okawaru [*****.]
Gold:   651        SH: 15    Dex: 13    Spells: 0 memorised, 10 levels left

rFire  . . .     SeeInvis .     M - +1 flail (crush)
rCold  . . .     Clarity  +     Y - +1 ring mail of a sewer {rN+ Str+2 Slay+2}
rNeg   + . .     SustAt   .     c - +0 shield
rPois  +         Gourm    .     (helmet restricted)
rElec  +         Spirit   .     r - +2 cloak
rCorr  .         Warding  .     v - +0 pair of gloves
rMut   .         Stasis   .     (no boots)
MR     +....                    w - amulet of clarity
Stlth  ++........               A - +2 ring of slaying
                                I - ring of Dithmenos's Esteem {rElec rPois MR+ Int+4 Dex+4}

@: heroism, drained, somewhat resistant to hostile enchantments, unstealthy
A: retaliatory headbutt, horns 2
a: Heroism, Finesse, Renounce Religion


You were on level 4 of the Orcish Mines.
You worshipped Okawaru.
Okawaru was extremely pleased with you.
You were full.

You visited 3 branches of the dungeon, and saw 16 of its levels.
You also visited: Sewer.

You collected 1392 gold pieces.
You spent 741 gold pieces at shops.

Inventory:

Hand Weapons
 F - a +0 morningstar
 M - a +1 flail of crushing (weapon)
 Q - a +0 whip of flaming
Missiles
 e - 9 javelins (quivered)
Armour
 a - a +3 scale mail of poison resistance
 c - a +0 shield (worn)
 r - a +2 cloak (worn)
 v - a +0 pair of gloves (worn)
 Y - the +1 ring mail of a sewer (worn) {rN+ Str+2 Slay+2}
   (You found it on level 9 of the Dungeon)

   It affects your strength (+2).
   It affects your accuracy and damage with ranged weapons and melee attacks
   (+2).
   It protects you from negative energy.
Jewellery
 j - an uncursed ring of protection from magic
 q - an uncursed ring of positive energy
 w - an amulet of clarity (around neck)
 A - a +2 ring of slaying (right hand)
 I - the ring of Dithmenos's Esteem (left hand) {rElec rPois MR+ Int+4 Dex+4}
   (You bought it in a shop on level 3 of the Orcish Mines)

   [ring of poison resistance]

   It affects your intelligence (+4).
   It affects your dexterity (+4).
   It insulates you from electricity.
   It protects you from poison.
   It affects your resistance to hostile enchantments.
 N - an uncursed ring of magical power
 W - an uncursed ring of stealth
Wands
 b - a wand of cold (5)
 y - a wand of lightning (4)
 D - a wand of slowing (9)
 E - a wand of disintegration (5)
 T - a wand of invisibility (2)
 U - a wand of flame (17)
Scrolls
 l - 7 scrolls of teleportation
 m - 4 scrolls of recharging
 t - 2 scrolls of fear
 x - a scroll of enchant weapon
 G - 3 scrolls of identify
 R - 5 scrolls of remove curse
Potions
 d - 5 potions of agility
 f - a potion of degeneration {unknown}
 h - 2 potions of haste {unknown}
 i - 2 potions of magic
 o - a potion of ambrosia {unknown}
 p - 3 potions of flight
 u - a potion of brilliance {unknown}
 z - a potion of heal wounds {unknown}
 B - a potion of beneficial mutation {unknown}
 C - a potion of cure mutation {unknown}
Books
 g - a book of Battle

   Spells                             Type                      Level
   a - Infusion                       Charms                       1
   b - Shroud of Golubria             Charms/Translocation         2
   c - Song of Slaying                Charms                       2
   d - Spectral Weapon                Hexes/Charms                 3
   e - Regeneration                   Charms/Necromancy            3
Comestibles
 s - a meat ration
 O - 4 bread rations
 P - 7 beef jerkies


   Skills:
 + Level 10.3(15.1) Fighting
 * Level 13.1(17.8) Maces & Flails
 - Level 0.4(5.2) Throwing
 + Level 9.1(13.9) Armour
 + Level 8.5(13.3) Dodging
 - Level 1.0(5.8) Stealth
 + Level 10.5(15.3) Shields
 - Level 0.2(0.0) Invocations


You had 10 spell levels left.
You didn't know any spells.

Dungeon Overview and Level Annotations

Branches:
Dungeon (11/15)            Temple (1/1) D:4            Lair (0/8) D:8
    Orc (4/4) D:11            Elf (0/3) Orc:4

Altars:
Ashenzari
Cheibriados
Dithmenos
Elyvilon
Fedhas
Gozag
Kikubaaqudgha
Makhleb
Nemelex Xobeh
Okawaru
Qazlal
Ru
Sif Muna
Trog
Vehumet
Yredelemnul
Zin
The Shining One

Shops:
D:5 ?   Orc:3 =   Orc:4 }


Innate Abilities, Weirdness & Mutations

You reflexively headbutt those who attack you in melee.
You have a pair of horns on your head.


Message History

You block the orc warrior's attack. The orc misses you.
The soul eater completely misses you. The orc misses you.
You furiously retaliate!
You headbutt the orc!
You kill the orc!
Okawaru accepts your kill.
You hit the orc sorcerer.
The orc sorcerer is almost dead.
The orc warlord roars a battlecry!
The orcs go into a battle-frenzy!
You block the orc warlord's attack. The orc sorcerer completely misses you.
The orc warrior completely misses you. You block the orc warrior's attack.
You closely miss the orc sorcerer.
The orc sorcerer is almost dead.
You block the orc's attack. The soul eater hits you!
* * * LOW HITPOINT WARNING * * *
You partially resist.
You feel drained.
The orc warrior hits you with a scimitar!!
* * * LOW HITPOINT WARNING * * *
The orc warrior hits you with a scimitar!
You die...

#.#....).............##
...#...[)..#.###......#
#.#.....).#.##........#
#....##..............##
#.....###.........(###
.......#.........(##
....#.## ........(##
.... ## #.....o(..#
.... ......o@o## ....
......3oo# ....
.....oooho# #...
...#...44..# #
..###.......# # .
#........# #.
........## ...
##......## ...


You could see an orc warlord, a soul eater, an orange demon, a rust devil, a
warg, 2 orc sorcerers, 4 orc warriors and 2 orcs.

Vanquished Creatures
  The ghost of paplaukes the Reanimator, a journeyman DsNe of Nemelex Xobeh (Orc:4)
  An ogre mage (D:11)
  The ghost of subsebi the Skirmisher, a novice DsCK of Xom (D:10)
  An unseen horror (D:10)
  Pikel (D:7)
  An orc sorcerer (Orc:3)
  Psyche (D:11)
  A troll (D:10)
  3 two-headed ogres
  Prince Ribbit (D:6)
  Sigmund (D:6)
  A hungry ghost (D:10)
  3 wyverns (D:9)
  5 hippogriffs
  8 yaks
  A mottled dragon (D:11)
  A warg (Orc:3)
  A black bear (D:7)
  A sky beast (D:8)
  9 orc warriors
  2 phantoms
  5 centaurs
  An ice beast (D:7)
  10 ogres
  2 wasps
  A big kobold (D:8)
  The ghost of Kloppie the Magician, an amateur HEIE (D:4)
  6 giant frogs
  4 wyvern skeletons
  3 scorpions
  8 killer bees
  3 wights (D:9)
  A quasit (D:10)
  13 orc priests
  3 hounds
  5 crimson imps
  A giant frog zombie (D:7)
  Crazy Yiuf (D:6)
  5 iguanas
  A jelly (D:10)
  10 worker ants
  A centaur skeleton (D:9)
  17 orc wizards
  Terence (D:2)
  A hound zombie (D:10)
  3 hound skeletons
  16 adders
  9 gnolls
  A river rat (Sewer)
  5 oozes
  An adder skeleton (D:5)
  3 worms
  2 giant geckos
  121 orcs
  8 giant cockroaches
  11 hobgoblins
  13 jackals
  17 kobolds
  5 ball pythons
  7 bats
  A giant gecko skeleton (D:5)
  4 giant newts
  4 goblins
  3 quokkas
  A quokka zombie (D:7)
  9 rats
  10 fungi
  3 plants (D:8)
406 creatures vanquished.

Vanquished Creatures (others)
  A crimson imp (D:7)
1 creature vanquished.

Grand Total: 407 creatures vanquished

Notes
Turn   | Place    | Note
--------------------------------------------------------------
     0 | D:1      | PossumBlood the Minotaur Fighter began the quest for the Orb.
     0 | D:1      | Reached XP level 1. HP: 19/19 MP: 0/0
   233 | D:1      | Reached XP level 2. HP: 27/27 MP: 1/1
   242 | D:1      | Reached skill level 4 in Armour
   855 | D:2      | Reached XP level 3. HP: 30/33 MP: 2/2
  1276 | D:2      | Reached XP level 4. HP: 41/41 MP: 3/3
  1308 | D:2      | Noticed Terence
  1321 | D:2      | Killed Terence
  1321 | D:2      | Reached skill level 1 in Dodging
  1506 | D:2      | Reached XP level 5. HP: 22/47 MP: 4/4
  1898 | D:3      | Reached skill level 5 in Armour
  2100 | D:4      | Found a glowing drain.
  2123 | Sewer    | Entered a sewer
  2297 | Sewer    | Reached XP level 6. HP: 39/55 MP: 5/5
  2472 | D:4      | Found a shadowy altar of Dithmenos.
  2552 | D:4      | Reached skill level 5 in Fighting
  2731 | D:4      | Noticed Kloppie's ghost (amateur HEIE)
  2741 | D:4      | Killed Kloppie's ghost
  2741 | D:4      | Reached skill level 5 in Shields
  2970 | D:4      | Found a staircase to the Ecumenical Temple.
  2976 | Temple   | Entered the Ecumenical Temple
  2997 | Temple   | Became a worshipper of Warmaster Okawaru
  3231 | D:5      | Entered Level 5 of the Dungeon
  3276 | D:5      | Reached XP level 7. HP: 61/61 MP: 6/6
  3450 | D:5      | Found a stormy altar of Qazlal.
  3509 | D:5      | Reached skill level 5 in Maces & Flails
  3585 | D:5      | Reached * piety under Okawaru
  3585 | D:5      | Reached skill level 6 in Armour
  3826 | D:5      | Found Leosihib's Magic Scroll Boutique.
  3832 | D:5      | Bought a scroll of teleportation for 33 gold pieces
  3832 | D:5      | Bought a scroll of teleportation for 33 gold pieces
  3832 | D:5      | Bought a scroll of identify for 22 gold pieces
  3832 | D:5      | Bought a scroll of teleportation for 33 gold pieces
  4020 | D:5      | Found a glowing silver altar of Zin.
  4087 | D:6      | Reached XP level 8. HP: 23/70 MP: 4/7
  4337 | D:6      | Reached skill level 1 in Stealth
  4419 | D:6      | Noticed Prince Ribbit
  4427 | D:6      | Killed Prince Ribbit
  4427 | D:6      | Reached ** piety under Okawaru
  4535 | D:6      | Noticed Sigmund
  4545 | D:6      | Killed Sigmund
  4545 | D:6      | Reached skill level 7 in Maces & Flails
  4917 | D:6      | Noticed Crazy Yiuf
  4926 | D:6      | Killed Crazy Yiuf
  5154 | D:7      | Reached skill level 5 in Dodging
  5154 | D:7      | Reached XP level 9. HP: 78/78 MP: 6/8
  5230 | D:7      | Reached skill level 8 in Maces & Flails
  5277 | D:7      | Noticed Pikel
  5287 | D:7      | Killed Pikel
  5287 | D:7      | Reached *** piety under Okawaru
  5287 | D:7      | Reached skill level 9 in Maces & Flails
  5434 | D:7      | Found a sacrificial altar of Ru.
  5481 | D:7      | Found an opulent altar of Gozag.
  5556 | D:7      | Found a sacrificial altar of Ru.
  5888 | D:8      | Found a staircase to the Lair.
  6428 | D:9      | Found a shattered altar of Ashenzari.
  6439 | D:9      | Reached **** piety under Okawaru
  6442 | D:9      | Reached XP level 10. HP: 72/88 MP: 7/9
  6569 | D:9      | Reached skill level 10 in Maces & Flails
  6774 | D:9      | Got a shimmering ring mail
  6775 | D:9      | Identified the +1 ring mail of a sewer {rN+ Str+2 Slay+2} (You found it on level 9 of the Dungeon)
  7499 | D:10     | Entered Level 10 of the Dungeon
  7633 | D:10     | Killed an unseen horror
  7633 | D:10     | Reached ***** piety under Okawaru
  7949 | D:10     | Noticed subsebi's ghost (novice DsCK)
  7964 | D:10     | Killed subsebi's ghost
  7964 | D:10     | Received a gift from Okawaru
  7964 | D:10     | Reached skill level 11 in Maces & Flails
  8650 | D:10     | Reached XP level 11. HP: 95/97 MP: 10/10
  8658 | D:10     | Received a gift from Okawaru
  8856 | D:11     | Noticed an ogre mage
  8861 | D:11     | Killed an ogre mage
  8894 | D:11     | Reached skill level 12 in Maces & Flails
  9114 | D:11     | Noticed Psyche
  9435 | D:11     | Killed Psyche
  9435 | D:11     | Reached skill level 10 in Fighting
  9450 | D:11     | Found a burning altar of Makhleb.
  9450 | D:11     | Noticed a green death
  9780 | D:11     | Found a staircase to the Orcish Mines.
  9787 | Orc:1    | Entered Level 1 of the Orcish Mines
 10499 | Orc:3    | Reached skill level 10 in Shields
 10657 | Orc:3    | Found Arot Ece's Jewellery Shoppe.
 10745 | Orc:3    | Bought the ring of Dithmenos's Esteem {rElec rPois MR+ Int+4 Dex+4} for 620 gold pieces
 11209 | Orc:4    | Entered Level 4 of the Orcish Mines
 11405 | Orc:4    | Noticed paplaukes's ghost (journeyman DsNe)
 11424 | Orc:4    | Killed paplaukes's ghost
 11569 | Orc:4    | Received a gift from Okawaru
 11569 | Orc:4    | Reached skill level 13 in Maces & Flails
 11920 | Orc:4    | Found Setir's Quality Used Wands.
 11972 | Orc:4    | Found a staircase to the Elven Halls.
 12135 | Orc:4    | Noticed an orc warlord
 12138 | Orc:4    | Noticed a soul eater
 12151 | Orc:4    | HP: 1/101 [orc warrior/scimitar[an orc warlord] (19)]
 12151 | Orc:4    | Mangled by an orc warrior

Action                   |  1- 3 |  4- 6 |  7- 9 | 10-12 || total
-------------------------+-------+-------+-------+-------++-------
Melee: Flail             |    80 |   240 |   324 |   432 ||  1076
       Unarmed           |       |       |       |     7 ||     7
Throw: Javelin           |       |     6 |       |       ||     6
Invok: Heroism           |       |       |     4 |     2 ||     6
       Finesse           |       |       |       |     1 ||     1
  Use: Scroll            |     3 |    11 |     3 |    10 ||    27
       Potion            |       |     5 |     1 |     4 ||    10
  Eat: Bread ration      |     1 |     1 |       |     1 ||     3
       Pizza             |       |       |     2 |     2 ||     4
       Meat ration       |       |       |     1 |     2 ||     3
       Beef jerky        |       |       |     1 |       ||     1
       Royal jelly       |       |       |     1 |     2 ||     3
